AoeStats
← Mithridates VI.

Fortress

509726024Analyzed
4v4 RM · 3d ago on Sep 27, 2026· 40m 1s· 8 players
Game mode
Random Map
Map size
Huge
Population
200
Speed
Normal
Resources
Standard
Victory
Conquest
Starting age
Dark Age
Ending age
Imperial Age
RankedLock teamsTeams togetherTeam positionsShared explorationLock speedFull tech treeHidden civsTurbo modeCheats
Victory
Defeat
🇧🇷 Slavs · Brazil
950
+14
🇭🇺 Cumans · Hungary
938
+15
🇲🇽 Vikings · Mexico
925
+15
🇲🇽 Khmer · Mexico
794
+20
🇩🇪 Byzantines · Germany
931
-17
🇩🇪 Romans · Germany
929
-17
🇩🇪 Saxons · Germany
891
-16
🇩🇪 Britons · Germany
864
-14
Chasen Statham
0:38 Loom
7:41 Feudal Age
9:26 Wheelbarrow
8:40 Town Watch
9:20 Double-Bit Axe
10:01 Horse Collar
10:53 Stone Mining
12:06 Fletching
12:21 Gold Mining
13:41 Scale Mail Armor
13:53 Forging
17:37 Castle Age
17:14 Forging
18:47 Hand Cart
18:40 Heavy Plow
18:55 Bow Saw
20:18 Gold Shaft Mining
20:17 Ballistics
21:43 Scale Mail Armor
22:19 Iron Casting
22:07 Bodkin Arrow
24:06 Murder Holes
24:02 Guard Tower
24:24 Masonry
27:31 Chain Mail Armor
28:18 Fortified Wall
31:33 Squires
35:48 Imperial Age
36:51 Conscription
38:23 Architecture
38:58 Chemistry
Mithridates VI.
7:27 Feudal Age
9:32 Wheelbarrow
11:48 Wheelbarrow
11:32 Double-Bit Axe
15:11 Castle Age
13:58 Stone Mining
14:02 Gold Mining
13:56 Horse Collar
16:17 Bow Saw
16:45 Gold Shaft Mining
16:55 Heavy Plow
20:50 Padded Archer Armor
22:33 Ballistics
23:20 Wheelbarrow
26:54 Imperial Age
25:46 Hand Cart
26:20 Caravan
26:48 Yeomen
27:19 Leather Archer Armor
28:51 Conscription
29:40 Chemistry
31:33 Elite Longbowman
33:41 Ring Archer Armor
Rockefeller
10:19 Feudal Age
11:06 Double-Bit Axe
13:37 Castle Age
11:42 Horse Collar
12:09 Stone Mining
16:16 Bow Saw
17:49 Heavy Plow
20:24 Forging
20:14 Scale Mail Armor
20:04 Pikeman
27:06 Scale Barding Armor
27:37 Iron Casting
27:27 Husbandry
28:05 Fletching
28:35 Caravan
29:23 Wheelbarrow
32:30 Imperial Age
31:47 Hand Cart
34:18 Chemistry
33:42 Ballistics
37:25 Fletching
38:47 Two-Man Saw
38:21 Crop Rotation
38:16 Conscription
38:44 Hoardings
38:38 Bodkin Arrow
39:35 Elite Cataphract
IAMFifaAddicted
8:47 Feudal Age
9:20 Feudal Age
11:24 Double-Bit Axe
11:56 Gold Mining
14:31 Castle Age
12:31 Stone Mining
12:27 Double-Bit Axe
12:38 Horse Collar
16:23 Bow Saw
16:52 Gold Shaft Mining
17:49 Loom
19:59 Wheelbarrow
23:38 Town Watch
29:09 Hand Cart
31:05 Heavy Plow
34:14 Imperial Age
32:27 Fortified Wall
32:22 Murder Holes
32:24 Fletching
33:26 Forging
33:22 Scale Barding Armor
35:40 Chain Barding Armor
35:55 Iron Casting
35:29 Pikeman
35:32 Elite Centurion
36:33 Conscription
36:21 Ballistas
38:13 Plate Barding Armor
38:39 Blast Furnace
39:23 Comitatenses
El Tlatoani
7:42 Feudal Age
8:24 Loom
11:57 Castle Age
10:34 Double-Bit Axe
10:42 Horse Collar
11:56 Forging
12:12 Scale Mail Armor
13:15 Bow Saw
16:00 Gold Mining
21:27 Iron Casting
23:05 Chain Mail Armor
23:31 Stone Mining
25:48 Squires
25:34 Arson
29:45 Imperial Age
31:35 Blast Furnace
31:33 Scale Barding Armor
32:00 Plate Mail Armor
34:00 Chieftains
soytupadreelgabo
8:35 Feudal Age
9:15 Double-Bit Axe
9:13 Horse Collar
10:34 Gold Mining
14:13 Castle Age
13:11 Stone Mining
15:10 Light Cavalry
18:06 Loom
20:50 Bow Saw
28:48 Imperial Age
27:27 Fletching
27:05 Pikeman
28:54 Gold Shaft Mining
28:18 Murder Holes
29:55 Wheelbarrow
29:20 Bodkin Arrow
30:36 Chemistry
33:43 Double Crossbow
33:08 Heavy Scorpion
Terminor
0:31 Loom
8:15 Feudal Age
8:50 Double-Bit Axe
9:51 Horse Collar
15:41 Stone Mining
19:34 Castle Age
19:20 Gold Mining
20:32 Wheelbarrow
21:21 Gold Shaft Mining
23:31 Bow Saw
23:23 Heavy Plow
24:37 Hand Cart
25:55 Fletching
26:06 Padded Archer Armor
30:19 Imperial Age
27:57 Bodkin Arrow
28:30 Ballistics
28:25 Bloodlines
29:07 Leather Archer Armor
29:26 Murder Holes
29:58 Scale Barding Armor
30:34 Elite Kipchak
31:44 Conscription
31:55 Thumb Ring
32:57 Ring Archer Armor
33:31 Chemistry
33:06 Parthian Tactics
34:05 Two-Man Saw
35:15 Cuman Mercenaries
35:16 Steppe Husbandry
35:03 Light Cavalry
38:05 Crop Rotation
40:19 Hoardings
[FNZ] F3RNZ
4:58 Loom
6:53 Feudal Age
12:28 Castle Age
26:05 Double-Bit Axe
27:16 Wheelbarrow
26:21 Man-at-Arms
27:01 Squires
28:24 Fletching
28:34 Padded Archer Armor
29:07 Gold Mining
29:08 Stone Mining
29:19 Bodkin Arrow
32:31 Imperial Age
30:44 Leather Archer Armor
32:02 Bow Saw
32:35 Ballistics
32:19 Town Watch
34:23 Conscription
33:46 Heavy Cavalry Archer
35:57 Ring Archer Armor
37:19 Chemistry
38:25 Gold Shaft Mining
37:51 Capped Ram
39:09 Siege Ram
40:52 Two-Man Saw
40:10 Hand Cart
39:56 Town Patrol
Connection lost

Rejoining the realm…

Still unreachable

The connection could not be restored.

Session expired

The server has moved on; the page needs a fresh start.